 Dungeon Crawl Stone Soup version 0.29-a0-266-gf56f883ddd (webtiles) character file.

Game seed: 17367935426708795089

7 threed36 the Stinger (level 1, -2/21 HPs)
             Began as a Draconian Venom Mage on Mar 6, 2022.
             Succumbed to a kobold's poison
             ... on level 1 of the Dungeon.
             The game lasted 00:13:46 (463 turns).

threed36 the Stinger (Draconian Venom Mage)          Turns: 463, Time: 00:13:47

Health: -2/21      AC:  4    Str: 10    XL:     1   Next: 83%
Magic:  3/3        EV: 11    Int: 15    God:
Gold:   17         SH:  3    Dex: 11    Spells: 3/4 levels left

rFire   . . .      SeeInvis .   m - +0 spear
rCold   . . .      Faith    .   i - +0 buckler
rNeg    . . .      Spirit   .   (body armour unavailable)
rPois   .          Reflect  .   (helmet restricted)
rElec   .          Harm     .   (no cloak)
rCorr   .          Rampage  .   (no gloves)
Will    .....                   (no boots)
Stlth   ..........              (no amulet)
HPRegen 0.07/turn               (no ring)
MPRegen 0.08/turn               (no ring)

@: berserking, lethally poisoned (-2 -> -17), very quick
A: AC +4, unfitting armour, cold-blooded
a: no special abilities


You were on level 1 of the Dungeon.
You visited 1 branch of the dungeon, and saw 1 of its levels.

You collected 17 gold pieces.

Inventory:

Hand Weapons
 c - a +0 dagger
 m - a +0 spear (weapon)
 n - a +0 dagger
Missiles
 h - 23 stones
Armour
 d - a +0 leather armour
 e - a +0 leather armour
 g - a +0 ring mail
 i - a +0 buckler (worn)
 l - a +0 ring mail
 o - a +0 leather armour
Scrolls
 f - a scroll of identify
Potions
 a - a potion of magic
 b - 2 potions of flight {unknown}
 k - a potion of curing {unknown}


   Skills:
 + Level 1.8 Dodging
 + Level 2.1 Stealth
 + Level 2.0 Spellcasting
 + Level 1.0 Transmutations
 + Level 3.2 Poison Magic


You had 3 spell levels left.
You knew the following spells:

 Your Spells              Type           Power      Damage    Failure   Level
a - Sting                 Tmut/Pois      28%        1d4       13%         1

Your spell library contained the following spells:

 Spells                   Type           Power      Damage    Failure   Level
 Poisonous Vapours        Pois/Air       12%        N/A       24%         2
 Ignite Poison            Fire/Tmut/Pois 5%         N/A       45%         3
 Mephitic Cloud           Conj/Pois/Air  4%         N/A       50%         3
 Conjure Flame            Conj/Fire      1%         6-21      65%         3
 Olgreb's Toxic Radiance  Pois           11%        N/A       61%         4
 Sticky Flame             Conj/Fire      1%         2d3       96%         4


Dungeon Overview and Level Annotations

Branches:
Dungeon (1/15)

Altars:


Innate Abilities, Weirdness & Mutations

Your plain brown scales are hard. (AC +4)
You cannot fit into any form of body armour.
You are cold-blooded and may be slowed by cold attacks.


Message History

Casting: Sting (safe; 13% risk of failure)
Confirm with . or Enter, or press ? or * to list all spells.
Aiming: Sting (safe; 13% risk of failure)
Press: ? - help, Shift-Dir - straight line, f - kobold
Aim: a kobold, wielding a +0 dagger and quivering stones (60% to hit)
You miscast Sting.
You are very lightly contaminated with residual magic.
Nothing appears to happen.
The kobold shouts!
The kobold closely misses you.
You completely miss the kobold. The kobold misses you.
Unknown command.
You hit the kobold but do no damage. The kobold hits you with a +0 dagger.
You barely miss the kobold. The kobold hits you with a +0 dagger.
You hit the kobold.
Your tail-slap misses the kobold.
The kobold is moderately wounded.
The kobold hits you but does no damage. x2
You hit the kobold.
You kill the kobold!
You closely miss the kobold. The kobold misses you.
Your magical contamination has completely faded away.
You closely miss the kobold.
You tail-slap the kobold, but do no damage.
The kobold barely misses you.
You barely miss the kobold. The kobold barely misses you.
You barely miss the kobold.
The kobold hits you with a +1 whip of venom.
* * * LOW HITPOINT WARNING * * *
You hit the kobold.
The kobold is heavily wounded.
The kobold hits you with a +1 whip of venom.
* * * LOW HITPOINT WARNING * * *
You are lethally poisoned!
Casting: Sting (safe; 13% risk of failure)
Confirm with . or Enter, or press ? or * to list all spells.
Okay, then.
It was a potion of berserk rage.
A red film seems to cover your vision as you go berserk!
You feel yourself moving faster!
You feel mighty!
You die...

#############
......)K@...#####
###########.....##
#.###..########
#.####†........
### #..#
#..####### #.##
#### #...#
#############..#
#°○§#
...............#
#○§§#
....#######....##
#§☼☼#


You could see a kobold.

Vanquished Creatures
  A ball python (D:1)
  An endoplasm (D:1)
  A goblin (D:1)
  A hobgoblin (D:1)
  A bat (D:1)
  A kobold (D:1)
6 creatures vanquished.

Vanquished Creatures (others)
  A ball python (D:1)
  A jackal (D:1)
2 creatures vanquished.

Grand Total: 8 creatures vanquished

Notes
Turn   | Place    | Note
-------+----------+-------------------------------------------
     0 | D:1      | threed36 the Draconian Venom Mage began the quest for the
                  | Orb.
     0 | D:1      | Reached XP level 1. HP: 14/14 MP: 3/3
   463 | D:1      | Succumbed to a kobold's poison

Illustrated notes

Levels and vault maps discovered:
D:1:      psy_arrival_statuary, layout_rooms, minmay_misc_feat_encased,
          serial_park_tiny_1, lemuel_flame_loot_1

Skill      XL: |  1 |
---------------+----+-----
Stealth        | 2 |  2.1
Dodging        | |  1.8
Spellcasting   | |  2.0
Transmutations | |  1.0
Poison Magic   | |  3.2

Action                   || total
-------------------------++-------
Melee: Dagger            ||    17
       Spear             ||    12
       Tailslap          ||     4
       Punch             ||     1
 Cast: Sting             ||     3
  Use: Scroll            ||     1
       Potion            ||     1
Armor: Skin              ||    14
Dodge: Dodged            ||    22

Table legend: (Time is in decaauts)
 A = Elapsed time spent in this place.
 B = Non-inter-level travel time spent in this place.
 C = Inter-level travel time spent in this place.
 D = Time resting spent in this place.
 E = Time spent auto-exploring this place.
 F = Levels seen in this place.
 G = Mean time per level.
                   A        B        C        D        E       F      G
               +--------+--------+--------+--------+--------+-----+--------+
         Total |    463 |    445 |     18 |      0 |      0 |   1 |  463.0 |
       Dungeon |    463 |    445 |     18 |      0 |      0 |   1 |  463.0 |
               +--------+--------+--------+--------+--------+-----+--------+

Top non-repeatable levels by time:
     D:1: 463 daAuts
